 Dungeon Crawl Stone Soup version 0.31-a0-1581-g41d5ff3e7b (webtiles) character file.

Game seed: 15921787943618636381

2532209 Amplified the Demonic Cataclysm (level 27, 306/306 HPs)
             Began as a Demonspawn Monk on Jan 1, 2024.
             Was a High Priest of Qazlal.
             Escaped with the Orb
             ... and 4 runes
             ... and 1 gem on Jan 5, 2024!
             The game lasted 03:36:17 (67871 turns).

Amplified the Demonic Cataclysm (Demonspawn Monk)  Turns: 67871, Time: 03:36:17

Health: 306/306    AC: 34    Str: 28    XL:     27
Magic:  40/40      EV: 35    Int: 13    God:    Qazlal [*****.]
Gold:   2161       SH: 41    Dex: 23    Spells: 34/53 levels left

rFire   + + +        A - +9 broad axe (elec)
rCold   + . .        m - +6 tower shield {AC+3}
rNeg    + . .        s - +5 ring mail "Wielle" {rElec rF+ Str+3}
rPois   +            d - +2 helmet
rElec   +            N - scarf {rC+ rF+}
rCorr   .            (gloves unavailable)
SInv    .            o - +0 pair of boots "Ypyqys" {^Drain rPois Dex+6 Stlth+}
Will    +++..        q - amulet of the Scavenger {Faith Fly rPois Str-3}
Stlth   +            v - ring "Zoxaoj" {rF+ EV+5 Str+6}
HPRegen 0.71/turn    W - ring of the Kappa {rN+ Will+ EV+5}
MPRegen 0.27/turn

%: repel missiles, faith
@: flying
A: icy blue scales 3, icemail 2, robust 3, spiny 3, condensation shield, demonic
touch 3, mutation resistance 1, poison resistance, screaming 1, cold
vulnerability 1, sturdy frame 1
0: Orb of Zot
}: 4/15 runes: serpentine, barnacled, slimy, silver
a: Renounce Religion, Upheaval, Elemental Force, Disaster Area


You escaped.
You worshipped Qazlal.
Qazlal was extremely pleased with you.
You visited 12 branches of the dungeon, and saw 56 of its levels.
You visited Pandemonium 1 time, and saw 1 of its levels.
You visited the Abyss 2 times.
You visited 1 ziggurat, and saw 7 of its levels.
You also visited: Bailey, Gauntlet, Ice Cave and Volcano.

You collected 8813 gold pieces.
You spent 6652 gold pieces at shops.

Inventory:

Hand Weapons
 A - a +9 broad axe of electrocution (weapon)
Missiles
 n - 7 throwing nets (quivered)
 P - 19 curare-tipped darts
Armour
 d - a +2 helmet (worn)
 m - a +6 tower shield of protection (worn)
 o - the +0 pair of boots "Ypyqys" (worn) {^Drain rPois Dex+6 Stlth+}
   (You found it on level 7 of the Dungeon)

   Dex+6:     It affects your dexterity (+6).
   rPois:     It protects you from poison ^Drain: It drains your maximum health
   when unequipped.
   Stlth+:    It makes you more stealthy.
 s - the +5 ring mail "Wielle" (worn) {rElec rF+ Str+3}
   (You found it in an ice cave)

   Str+3:     It affects your strength (+3).
   rF+:       It protects you from fire.
   rElec:     It insulates you from electricity.
 N - a scarf of resistance (worn)
Jewellery
 k - the ring "Iketiok" {Fly Will+++ EV+5 Stlth-}
   (You acquired it on level 1 of the Elven Halls)

   [ring of evasion]

   EV+5:      It affects your evasion (+5).
   Will+++:   It greatly increases your willpower.
   Fly:       It grants you flight.
   Stlth-:    It makes you less stealthy.
 p - the ring of Dousulau {rF- rC+ rN+ Dex+3}
   (You found it on level 4 of a ziggurat)

   [ring of protection from cold]

   Dex+3:     It affects your dexterity (+3).
   rF-:       It makes you vulnerable to fire.
   rC+:       It protects you from cold.
   rN+:       It protects you from negative energy.
 q - the amulet of the Scavenger (around neck) {Faith Fly rPois Str-3}
   (You found it on level 8 of the Dungeon)

   [amulet of faith]

   Faith:     It allows you to gain divine favour quickly.
   Str-3:     It affects your strength (-3).
   rPois:     It protects you from poison Fly: It grants you flight.
 u - a ring of resist corrosion
 v - the ring "Zoxaoj" (left hand) {rF+ EV+5 Str+6}
   (You took it off a deep elf demonologist on level 3 of the Elven Halls)

   [ring of evasion]

   EV+5:      It affects your evasion (+5).
   Str+6:     It affects your strength (+6).
   rF+:       It protects you from fire.
 L - the ring "Waetz" {Fly rElec rPois}
   (You found it in a Gauntlet)

   [ring of flight]

   rElec:     It insulates you from electricity.
   rPois:     It protects you from poison Fly: It grants you flight.
 O - a ring of positive energy
 W - the ring of the Kappa (right hand) {rN+ Will+ EV+5}
   (You found it on level 3 of the Elven Halls)

   [ring of evasion]

   EV+5:      It affects your evasion (+5).
   rN+:       It protects you from negative energy.
   Will+:     It increases your willpower.
Wands
 g - a wand of polymorph (34)
 h - a wand of paralysis (55)
 i - a wand of light (40)
 r - a wand of roots (90)
 B - a wand of flame (46)
 G - a wand of mindburst (40)
Scrolls
 a - 2 scrolls of torment
 c - 2 scrolls of fog
 l - 10 scrolls of immolation
 w - a scroll of revelation
 x - 3 scrolls of amnesia
 y - 13 scrolls of teleportation
 M - 6 scrolls of fear
 S - 8 scrolls of poison
 U - 40 scrolls of identify
 Z - 4 scrolls of brand weapon
Potions
 b - 6 potions of attraction
 j - 10 potions of brilliance
 z - 5 potions of magic
 D - 3 potions of cancellation
 I - 3 potions of resistance
 K - 5 potions of mutation
 R - 14 potions of lignification
 X - 8 potions of enlightenment
 Y - 5 potions of curing
Miscellaneous
 E - a tin of tremorstones (2/2)
 H - a phantom mirror
 Q - a phial of floods


   Skills:
 * Level 23.4 Fighting
 - Level 18.2 Axes
 * Level 18.1 Armour
 - Level 16.3 Dodging
 - Level 21.3 Shields
 - Level 13.8 Spellcasting
 - Level 13.7 Conjurations
 - Level 5.1 Translocations
 - Level 13.8 Air Magic
 O Level 27 Invocations


You had 34 spell levels left.
You knew the following spells:

 Your Spells              Type           Power      Damage    Failure   Level
a - Lesser Beckoning      Tloc           44%        N/A       2%          2
b - Iskenderun's Mystic   Conj/Tloc      33%        2d8       2%          4
c - Passwall              Erth           8%         N/A       36%         3
d - Arcjolt               Conj/Air       22%        1d32      1%          5
e - Airstrike             Air            22%        2d(4-20)  1%          4
f - Apportation           Tloc           44%        N/A       1%          1

Your spell library contained the following spells:

 Spells                   Type           Power      Damage    Failure   Level
 Foxfire                  Conj/Fire      100%       2x1d9     1%          1
 Magic Dart               Conj           100%       1d8       1%          1
 Shock                    Conj/Air       100%       1d9       1%          1
 Sting                    Conj/Alch      100%       1d9       1%          1
 Mercury Vapours          Alch/Air       52%        N/A       1%          2
 Momentum Strike          Conj/Tloc      66%        3d9       1%          2
 Static Discharge         Conj/Air       88%        3-7/arc   1%          2
 Mephitic Cloud           Conj/Alch/Air  32%        N/A       1%          3
 Swiftness                Air            44%        N/A       1%          3
 Iskenderun's Battlesphe  Conj           44%        2d10      1%          5
 Blink                    Tloc           44%        N/A       2%          2
 Cigotuvi's Dreadful Rot  Necr/Alch/Air  40%        N/A       2%          2
 Dazzling Flash           Conj/Hex       52%        N/A       2%          3
 Stone Arrow              Conj/Erth      52%        3d10      2%          3
 Vhi's Electric Charge    Tloc/Air       66%        N/A       2%          4
 Gell's Gravitas          Tloc           22%        N/A       4%          3
 Teleport Other           Tloc           22%        N/A       4%          3
 Conjure Ball Lightning   Conj/Air       22%        3x3d6     6%          6
 Brom's Barrelling Bould  Conj/Erth      26%        2d5       7%          4
 Fulminant Prism          Conj/Alch      13%        3d9       7%          4
 Summon Lightning Spire   Summ/Air       26%        N/A       7%          4
 Necrotise                Necr           32%        1d5       12%         1
 Sandblast                Erth           16%        2d6       12%         1
 Slow                     Hex            32%        N/A       12%         1
 Summon Small Mammal      Summ           32%        N/A       12%         1
 Manifold Assault         Tloc           22%        N/A       16%         4
 Passage of Golubria      Tloc           22%        N/A       16%         4
 Call Imp                 Summ           16%        N/A       19%         2
 Ensorcelled Hibernation  Hex/Ice        16%        N/A       19%         2
 Jinxbite                 Hex            16%        N/A       19%         2
 Sublimation of Blood     Necr           8%         N/A       19%         2
 Fireball                 Conj/Fire      13%        3d7       21%         5
 Irradiate                Conj/Alch      13%        3d16      21%         5
 Silence                  Hex/Air        13%        N/A       21%         5
 Call Canine Familiar     Summ           8%         N/A       36%         3
 Confusing Touch          Hex            8%         N/A       36%         3
 Frozen Ramparts          Ice            16%        1d3       36%         3
 Fugue of the Fallen      Necr           8%         N/A       36%         3
 Inner Flame              Hex/Fire       8%         N/A       36%         3
 Ozocubu's Armour         Ice            8%         N/A       36%         3
 Sigil of Binding         Hex            8%         N/A       36%         3
 Tukima's Dance           Hex            8%         N/A       36%         3
 Vampiric Draining        Necr           8%         2d6       36%         3
 Orb of Destruction       Conj           22%        9d8       36%         7
 Dimensional Bullseye     Hex/Tloc       7%         N/A       38%         4
 Bombard                  Conj/Erth      13%        9d3       73%         6
 Plasma Beam              Fire/Air       13%        2x1d24    73%         6
 Starburst                Conj/Fire      13%        6d5       73%         6
 Summon Forest            Summ/Tloc      7%         N/A       75%         5
 Anguish                  Hex/Necr       4%         N/A       77%         4
 Animate Armour           Summ/Erth      16%        N/A       77%         4
 Animate Dead             Necr           8%         N/A       77%         4
 Cause Fear               Hex            4%         N/A       77%         4
 Dispel Undead            Necr           8%         3d8       77%         4
 Ignite Poison            Fire/Alch      8%         N/A       77%         4
 Leda's Liquefaction      Alch/Erth      4%         N/A       77%         4
 Martyr's Knell           Necr/Summ      8%         N/A       77%         4
 Olgreb's Toxic Radiance  Alch           8%         N/A       77%         4
 Petrify                  Alch/Erth      8%         N/A       77%         4
 Sticky Flame             Fire/Alch      8%         2d4       77%         4
 Summon Blazeheart Golem  Fire/Summ      8%         N/A       77%         4
 Dispersal                Tloc           11%        N/A       93%         6
 Alistair's Intoxication  Alch           5%         N/A       98%         5
 Borgnjor's Vile Clutch   Necr/Erth      4%         N/A       98%         5
 Curse of Agony           Necr           8%         N/A       98%         5
 Lee's Rapid Deconstruct  Erth           4%         3d5*      98%         5
 Metabolic Englaciation   Hex/Ice        4%         N/A       98%         5
 Summon Mana Viper        Hex/Summ       8%         N/A       98%         5
 Yara's Violent Unravell  Hex/Alch       4%         3d4       98%         5
 Death Channel            Necr           4%         N/A       100%        6
 Eringya's Noxious Bog    Alch           4%         4d6       100%        6
 Sculpt Simulacrum        Ice/Alch       4%         N/A       100%        6
 Summon Cactus Giant      Summ           4%         N/A       100%        6
 Enfeeble                 Hex            4%         N/A       100%        7
 Haunt                    Necr/Summ      4%         N/A       100%        7
 Ozocubu's Refrigeration  Ice            4%         4d8       100%        7
 Summon Hydra             Summ           4%         N/A       100%        7
 Borgnjor's Revivificati  Necr           4%         N/A       100%        8
 Discord                  Hex            4%         N/A       100%        8
 Disjunction              Tloc           11%        N/A       100%        8
 Ignition                 Fire           4%         3d4       100%        8
 Infestation              Necr           4%         N/A       100%        8
 Lehudib's Crystal Spear  Conj/Erth      13%        10d4      100%        8
 Chain Lightning          Conj/Air       22%        3d29      100%        9
 Death's Door             Necr           4%         N/A       100%        9
 Dragon's Call            Summ           4%         N/A       100%        9
 Fire Storm               Conj/Fire      13%        8d3       100%        9
 Shatter                  Erth           4%         3d7*      100%        9


Dungeon Overview and Level Annotations

Branches:
Dungeon (15/15)            Temple (1/1) D:7            Lair (5/5) D:8
 Shoals (4/4) Lair:2        Snake (4/4) Lair:2        Slime (5/5) Lair:5
    Orc (2/2) D:11            Elf (3/3) Orc:2        Vaults (5/5) D:14
  Crypt (3/3) Vaults:2       Tomb (0/3) Crypt:3      Depths (4/4) D:15
    Zot (5/5) Depths:4     Bailey (visited)           IceCv (visited)
Volcano (visited)         Gauntlet (visited)

Altars:
Ashenzari
Cheibriados
Dithmenos
Fedhas
Gozag
Hepliaklqana
Kikubaaqudgha
Makhleb
Nemelex Xobeh
Okawaru
Qazlal
Ru
Sif Muna
Trog
Uskayaw
Vehumet
Wu Jian
Xom
Yredelemnul
Jiyva

Shops:
D:2 [   D:13 (?(?   Orc:2 :**(   Elf:1 *[[(:   Elf:3 *   Shoals:2 *
Snake:1 *=!(   Vaults:2 [   Depths:1 (   Depths:3 [

Portals:
Hell: Depths:1 Depths:2 Depths:3 Depths:4
Abyss: D:10 Depths:1 Depths:3
Pandemonium: Depths:1

Annotations:
D:8 Consider farming Pandemonium, something to gap rN+, study spells for surv?
D:10 Check orcs.
Shoals:4 Ilsuiw
Vaults:2 Figure out how to get more resist
Zot:3 2 transporters


Innate Abilities, Weirdness & Mutations

You are completely covered in icy blue scales. (AC +4, rC+)
A meltable icy envelope protects you from harm. (AC +8)
You are extremely robust. (+30% HP)
You are completely covered in sharp spines.
A meltable shield of frost defends you. (SH +4)
Your touch may irresistibly damage your foes and sap their willpower.
You are somewhat resistant to further mutation.
Your system is resistant to poisons. (rPois)
You occasionally shout uncontrollably at your foes.
You are vulnerable to cold. (rC-)
Your movements are slightly less encumbered by armour. (ER -2)


Message History

You slice the blizzard demon!!
You kill the blizzard demon!
Qazlal accepts your kill.
An Orb Guardian comes into view.
You block the Orb Guardian's attack.
You hit the Orb Guardian but do no damage.
You block the Orb Guardian's attack.
You slice the Orb Guardian!!
The Orb Guardian is moderately wounded.
You block the Orb Guardian's attack.
You slash the Orb Guardian!
Lightning courses through the Orb Guardian!
The Orb Guardian is heavily wounded.
You block the Orb Guardian's attack.
You barely miss the Orb Guardian.
The Orb Guardian is heavily wounded.
You start to feel less resistant.
The Orb Guardian hits you but does no damage.
You closely miss the Orb Guardian.
The Orb Guardian is heavily wounded.
You block the Orb Guardian's attack.
You hit the Orb Guardian.
The Orb Guardian is heavily wounded.
You block the Orb Guardian's attack.
You hit the Orb Guardian.
The Orb Guardian is heavily wounded.
The Orb Guardian is struck by your spines.
The Orb Guardian hits you.
You slice the Orb Guardian!!
You kill the Orb Guardian!
Qazlal accepts your kill.
Your resistance to elements expires.
There is a stone staircase leading up here.
You fly upwards.
There is a stone staircase leading down here.
Unknown command.
Okay, then.
Your magic seems less tainted.
There is a staircase leading out of the dungeon here.
You have escaped!

..............>.........##.#
.###.##...............#.##.#
.†...##...............#.##.#
###...................#.##.# #
##.##...........♣...#.##.# #
#......#......8....#.##.#
#######........☼○.....#.##.#
.........#.##..............####
.........#.##..°@.............#
#######.##............#..####.#
#######.##.#..☼..#######.# #.#
...........####### #.# #.#
#######.#### #.# #># # #.# #.#
#.# #######)# ##.# #.#
........# #..# #.# #########
#.## ##.##


There were no monsters in sight!

Vanquished Creatures
  the Royal Jelly (Slime:5)
  Dissolution (Slime:4)
  4 dread liches (Zot:5)
  3 orbs of fire (Zot:5)
  A pandemonium lord (Pan)
  2 ancient liches
  A juggernaut (Depths:2)
  The ghost of Tang the Slayer, a master DsGl of Makhleb (Vaults:3)
  Boris (Depths:1)
  2 royal mummies
  4 Killer Klowns (Zot:5)
  Bai Suzhen (Depths:1)
  A caustic shrike (Depths:3)
  Saint Roka (Depths:1)
  2 curse toes
  Jory (Vaults:4)
  8 golden dragons
  A profane servitor (Zot:1)
  Nikola (Shoals:1)
  2 electric golems (Zot:5)
  2 bone dragons
  4 hellephants
  Jorgrun (D:12)
  A shard shrike skeleton (Crypt:1)
  26 tentacled monstrosities
  Zenata (Vaults:4)
  5 liches
  26 Orb Guardians
  Asterion (Depths:1)
  3 deep elf blademasters
  7 quicksilver dragons
  16 acid blobs
  A titan (Vaults:5)
  2 deep elf master archers (Elf:3)
  7 Executioners
  The ghost of Elezeri the Metamorph, an adept DrSh of Okawaru (Snake:2)
  6 sphinxes
  3 ancient champions
  9 death cobs
  3 tentacled starspawn
  13 shadow dragons
  11 tengu reavers
  14 storm dragons
  17 nagarajas
  6 azure jellies
  Aizul (Depths:2)
  2 demonspawn warmongers
  13 rockslimes
  2 daevas
  4 protean progenitors
  Roxanne (Snake:3)
  13 fire giants
  5 draconian monks
  6 balrugs
  8 frost giants
  A caustic shrike zombie (Crypt:3)
  6 draconian shifters
  5 deep elf sorcerers
  25 vault wardens
  2 draconian knights
  An emperor scorpion (Pan)
  Louise (Elf:1)
  6 draconian scorchers
  3 deep elf elementalists (Elf:3)
  A juggernaut zombie (Crypt:3)
  A demonspawn corrupter (Pan)
  3 curse skulls
  4 iron dragons
  3 ghost moths
  A ghoul (Crypt:1)
  5 draconian stormcallers
  A demonspawn blood saint (Pan)
  5 formless jellyfish
  6 very ugly things
  7 reapers
  3 cacodemons
  10 quicksilver oozes
  22 ironbound preservers
  A broodmother (Zig:2)
  7 green draconians
  An ophan (Abyss:1)
  8 draconian annihilators
  5 ironbound thunderhulks
  2 orc warlords
  13 stone giants
  13 vampire knights
  10 deep elf demonologists
  12 deep elf death magi
  A lorocyproca (Abyss:1)
  Azrael (Elf:1)
  3 black draconians
  2 dire elephants (Vaults:1)
  11 purple draconians
  A minotaur (Gauntlet)
  2 war gargoyles (Vaults:5)
  15 deep elf annihilators
  8 red draconians
  10 white draconians
  4 yellow draconians
  11 eidola
  A spark wasp (Depths:2)
  7 merfolk impalers
  8 blizzard demons
  12 jiangshi
  15 ettins
  5 green deaths
  A mummy priest (Zig:3)
  3 merfolk javelineers (Shoals:4)
  A quicksilver dragon zombie (Crypt:3)
  5 entropy weavers
  6 fire dragons
  2 spriggan zombies (Crypt:3)
  5 deep elf high priests
  16 yaktaur captains
  7 great orbs of eyes
  5 rakshasas
  6 ice dragons
  41 vault guards
  A sphinx zombie (Depths:3)
  3 peacekeepers
  8 hydras
  2 radroaches (Zot:4)
  6 salamander tyrants
  2 ogre magi
  12 ironbound frosthearts
  15 centaur warriors
  7 spriggan air magi
  12 anacondas
  7 merfolk aquamancers
  3 alligator snapping turtles (Shoals:4)
  A spriggan skeleton (Crypt:3)
  13 boulder beetles
  The ghost of iamserjio the Carver, a journeyman OpMo of Uskayaw (D:10)
  33 dancing weapons
  7 catoblepae
  5 satyrs
  2 titan zombies
  3 death knights
  13 death yaks
  5 merfolk avatars
  A sphinx skeleton (Depths:3)
  7 deep troll earth magi
  11 two-headed ogres
  3 shock serpents (shapeshifter)
  13 naga warriors
  2 thrashing horrors (Abyss:1)
  2 hell hogs
  13 vampire magi
  4 occultists
  5 deep troll shamans
  7 orc high priests
  A demonic crawler (Pan)
  11 tengu warriors
  2 storm dragon zombies (Crypt:2)
  8 soul eaters
  3 sun demons
  6 shock serpents
  20 deep elf knights
  9 naga sharpshooters
  An emperor scorpion zombie (Crypt:1)
  6 hell knights
  2 shadow wraiths
  12 wretched stars
  7 salamander mystics
  4 sixfirhies
  7 iron trolls
  A sea snake (shapeshifter) (Vaults:3)
  2 spatial maelstroms
  2 goliath frogs (Zot:2)
  4 skysharks (Shoals:1)
  13 sea snakes
  A quicksilver dragon simulacrum (Depths:3)
  15 skeletal warriors
  A shadow demon (Pan)
  A bunyip zombie (Crypt:1)
  4 glowing orange brains
  49 deep trolls
  A deep troll (shapeshifter) (Vaults:5)
  14 deep elf archers
  4 flayed ghosts
  4 golden dragon skeletons
  2 bog bodies (Crypt:1)
  31 phantasmal warriors
  11 arcanists
  5 naga ritualists
  9 lindwurms
  25 ironbound convokers
  2 wolf spiders
  12 necromancers
  27 starcursed masses
  Pikel (D:8)
  21 harpies
  7 mana vipers
  37 deep elf pyromancers
  A tengu zombie (Abyss:1)
  13 orc knights
  An obsidian statue (Vaults:3)
  28 large abominations
  27 ugly things
  26 deep elf zephyrmancers
  10 cyclopes
  A human zombie (Crypt:3)
  An iron dragon zombie (Depths:3)
  A wolf spider (shapeshifter) (Vaults:5)
  A manticore (shapeshifter) (D:14)
  A will-o-the-wisp (Abyss:4)
  42 salamanders
  A faun (shapeshifter) (Vaults:5)
  21 fauns
  4 worldbinders
  5 oklob plants
  31 moths of wrath
  9 shining eyes
  3 orc sorcerers
  14 manticores
  A toenail golem (D:10)
  An iron dragon skeleton (Crypt:3)
  A cyclops (shapeshifter) (Vaults:5)
  2 naga zombies (Crypt:3)
  An eye of devastation (Slime:1)
  A frost giant skeleton (Zig:4)
  16 elephants
  9 merfolk sirens
  11 guardian serpents
  22 naga magi
  A rust devil (Depths:2)
  A formless jellyfish zombie (Crypt:1)
  36 black mambas
  A centaur zombie (Crypt:3)
  2 molten gargoyles (Volcano)
  2 orange demons (Abyss:1)
  28 vault sentinels
  10 cane toads
  9 smoke demons
  2 centaur skeletons (Crypt:3)
  2 gargoyles
  5 water nymphs
  A dire elephant skeleton (Crypt:3)
  4 unseen horrors
  6 rime drakes
  A hellion (Zig:6)
  A cane toad (shapeshifter) (Abyss:1)
  An efreet (Abyss:1)
  5 freezing wraiths
  A kobold demonologist (D:11)
  A death yak skeleton (Crypt:2)
  11 ancient zymes
  38 yaktaurs
  5 komodo dragons
  Psyche (D:8)
  6 guardian mummies
  3 tengu conjurers
  2 harpy zombies (Crypt:3)
  6 trolls
  15 hellwings
  A hydra zombie (Crypt:3)
  26 merfolk
  A harpy skeleton (Crypt:3)
  3 wind drakes
  An ettin zombie (Crypt:3)
  14 polar bears
  7 raiju
  Prince Ribbit (Bailey)
  A hornet (D:9)
  9 snapping turtles
  A meliai (shapeshifter) (Vaults:5)
  19 blink frogs
  87 slime creatures
  13 dream sheep
  5 glass eyes
  7 air elementals
  2 jumping spiders (Crypt:3)
  A jumping spider (shapeshifter) (Vaults:5)
  6 wraiths
  2 shadows
  17 water elementals
  A fire dragon skeleton (Crypt:1)
  122 yaks
  A culicivora (Vaults:5)
  An ettin skeleton (Crypt:3)
  8 ynoxinuls
  A vampire (D:12)
  11 wyverns
  A tyrant leech zombie (Crypt:1)
  9 fire elementals
  An ushabti (Zig:3)
  21 humans
  6 fire bats
  12 golden eyes
  A warg (Orc:1)
  3 vampire mosquitoes (D:12)
  9 redbacks
  4 basilisks
  5 neqoxecs
  A warg (shapeshifter) (Abyss:4)
  A redback (shapeshifter) (Vaults:1)
  4 steam dragons
  A two-headed ogre zombie (Crypt:3)
  39 nagas
  6 chaos spawn
  11 small abominations
  A glowing shapeshifter zombie (Depths:3)
  Menkaure (D:7)
  7 acid dragons
  A naga skeleton (Crypt:3)
  A human skeleton (Depths:3)
  2 hell hounds (Elf:1)
  11 water moccasins
  A fire bat skeleton (Crypt:1)
  A water nymph skeleton (Crypt:2)
  5 ice beasts
  A lindwurm zombie (Crypt:2)
  36 orc warriors
  2 sky beasts
  9 ogres
  4 black bears
  25 laughing skulls
  A black bear (shapeshifter) (D:12)
  25 wolves
  14 centaurs
  A torpor snail zombie (Crypt:2)
  A boggart (Vaults:4)
  4 lemures (D:8)
  3 kobold brigands
  2 weeping skulls (Abyss:4)
  21 bullfrogs
  A draconian skeleton (Crypt:1)
  5 scorpions
  5 earth elementals
  4 gnoll sergeants
  A warg zombie (Crypt:2)
  2 necrophages (Crypt:1)
  10 wights
  7 wyvern skeletons (Crypt:3)
  A raiju skeleton (Crypt:2)
  11 electric eels
  3 crimson imps (Abyss:4)
  5 howler monkeys
  A polar bear skeleton (Crypt:1)
  A bombardier beetle (D:4)
  6 lava snakes (Volcano)
  A quasit (Abyss:1)
  3 jellies
  2 hounds
  25 orc priests
  An iron imp (Abyss:4)
  5 iguanas
  15 orc wizards
  An acid dragon zombie (Crypt:2)
  A tengu skeleton (Crypt:1)
  7 mummies
  11 gnolls
  7 adders
  2 shadow imps
  7 white imps
  9 ufetubi
  A dart slug (D:3)
  A ribbon worm (D:2)
  73 orcs
  8 endoplasms
  5 giant cockroaches
  15 goblins
  10 hobgoblins
  19 kobolds
  3 quokkas
  3 training dummies (Depths:1)
  6 ball pythons
  5 bats
  5 frilled lizards
  6 rats
  2 lurking horrors (Abyss:4)
  A spectral weapon (Depths:1)
  3 starspawn tentacles
2846 creatures vanquished.

Vanquished Creatures (collateral kills)
  A dread lich (Zot:5)
  An ancient lich (Crypt:3)
  Boris (twice) (Crypt:1 Depths:4)
  Sojobo (Crypt:1)
  A Hell Sentinel (Pan)
  A deep elf blademaster (Elf:2)
  2 storm dragons
  A shadow dragon (Depths:3)
  3 tengu reavers
  An azure jelly (Slime:5)
  A rockslime (Slime:5)
  A stone giant (Depths:1)
  A ghoul (Crypt:1)
  A dire elephant (Vaults:1)
  A green death (Pan)
  A merfolk impaler (Shoals:4)
  A yaktaur captain (Vaults:5)
  A rakshasa (Depths:1)
  A merfolk aquamancer (Shoals:3)
  A tengu warrior (D:12)
  A naga warrior (Snake:4)
  2 shock serpents (shapeshifter)
  2 deep elf knights (Elf:2)
  A skyshark (Lair:5)
  A deep troll (Vaults:4)
  2 necromancers (Crypt:3)
  An orc knight (Depths:1)
  An orc sorcerer (Depths:1)
  A deep elf zephyrmancer (Elf:2)
  A deep elf pyromancer (Elf:2)
  A manticore (D:7)
  2 salamanders (Snake:4)
  A worldbinder (Abyss:4)
  A guardian serpent (Snake:4)
  A smoke demon (Pan)
  2 black mambas (Snake:4)
  A water nymph (Shoals:3)
  4 merfolk
  A slime creature (D:12)
  2 ynoxinuls (Pan)
  3 yaks (Lair:5)
  A vampire (D:7)
  2 neqoxecs (Pan)
  An orc warrior (D:7)
  A laughing skull (Gauntlet)
  A weeping skull (Gauntlet)
  A necrophage (Crypt:1)
  2 orc wizards (Orc:1)
  An orc (Orc:1)
66 creatures vanquished.

Vanquished Creatures (others)
  A dread lich (Zot:5)
  A lich (Abyss:4)
  A fire giant (Vaults:5)
  A draconian annihilator (Zot:4)
  2 rakshasas
  A merfolk avatar (Shoals:4)
  A deep elf knight (Elf:2)
  A large abomination (Abyss:4)
  A merfolk (Shoals:4)
  A blink frog (Abyss:1)
  2 water elementals
  A white imp (D:7)
  2 foxfires (Abyss:4)
  5 starspawn tentacles
21 creatures vanquished.

Grand Total: 2933 creatures vanquished

Notes
Turn   | Place    | Note
-------+----------+-------------------------------------------
     0 | D:1      | Amplified the Demonspawn Monk began the quest for the Orb.
     0 | D:1      | Reached XP level 1. HP: 18/18 MP: 1/1
    21 | D:1      | Identified a scroll of acquirement
    21 | D:1      | Acquired the ring of Sem Jamm {Int+3 Slay+4 SInv}
   394 | D:1      | Gained mutation: Your touch may inflict minor irresistible
                  | damage on your foes. [demonic ancestry]
   394 | D:1      | Reached XP level 2. HP: 24/24 MP: 2/2
   869 | D:2      | Found Ticziom's Armour Emporium.
   943 | D:2      | Reached XP level 3. HP: 27/29 MP: 3/3
  1404 | D:2      | Bought a scarf of repulsion for 144 gold pieces
  1461 | D:3      | Reached XP level 4. HP: 30/37 MP: 4/4
  2077 | D:3      | Found a shadowy altar of Dithmenos.
  2077 | D:3      | Found a broken altar of Ashenzari.
  2468 | D:4      | Noticed an orc warrior
  2535 | D:4      | Found a burning altar of Makhleb.
  2535 | D:4      | Noticed a balrug
  2598 | D:4      | Reached XP level 5. HP: 42/43 MP: 5/5
  2827 | D:4      | Killed an orc warrior
  2828 | D:4      | Reached skill level 1 in Armour
  2832 | D:4      | Gained mutation: Your touch may inflict irresistible damage
                  | on your foes. [demonic ancestry]
  2832 | D:4      | Reached XP level 6. HP: 39/50 MP: 6/6
  2909 | D:4      | Reached skill level 5 in Fighting
  3039 | D:5      | Entered Level 5 of the Dungeon
  3128 | D:5      | You fall into a shaft and drop 1 floor!
  3180 | D:6      | Reached skill level 5 in Axes
  3181 | D:6      | Reached XP level 7. HP: 56/56 MP: 7/7
  3410 | D:5      | Gained mutation: Your touch may irresistibly damage your
                  | foes and sap their willpower. [demonic ancestry]
  3410 | D:5      | Reached XP level 8. HP: 65/65 MP: 8/8
  3978 | D:6      | Reached XP level 9. HP: 26/74 MP: 9/9
  4594 | D:7      | Found a transporter.
  4596 | D:7      | Found a transporter.
  4626 | D:7      | Reached skill level 1 in Shields
  4628 | D:7      | Found a staircase to the Ecumenical Temple.
  4657 | Temple   | Entered the Ecumenical Temple
  4670 | Temple   | Became a worshipper of Qazlal Stormbringer
  4670 | Temple   | Reached * piety under Qazlal
  4670 | Temple   | Reached ** piety under Qazlal
  4705 | D:7      | Noticed a boulder beetle
  4708 | D:7      | Found a transporter.
  4787 | D:7      | Reached skill level 1 in Invocations
  4944 | D:7      | Reached skill level 2 in Invocations
  4983 | D:7      | Noticed Menkaure
  4987 | D:7      | Killed Menkaure
  5230 | D:7      | Reached skill level 3 in Invocations
  5397 | D:7      | Found a transporter.
  5401 | D:7      | Noticed a deep elf pyromancer
  5416 | D:7      | Found a transporter.
  5516 | D:8      | Noticed Psyche
  5619 | D:9      | Reached skill level 4 in Invocations
  5642 | D:9      | Found a bloodstained altar of Trog.
  5748 | D:9      | Reached skill level 5 in Invocations
  5796 | D:9      | Found a shimmering blue altar of Sif Muna.
  5936 | D:9      | Gained mutation: A meltable shield of frost defends you.
                  | (SH +4) [demonic ancestry]
  5936 | D:9      | Reached XP level 10. HP: 72/72 MP: 13/13
  6107 | D:9      | Reached skill level 6 in Invocations
  6140 | D:9      | Found a flagged portal.
  6152 | Bailey   | Entered a bailey
  6192 | Bailey   | Reached skill level 5 in Shields
  6233 | Bailey   | Reached skill level 7 in Invocations
  6273 | Bailey   | Noticed a vault guard
  6284 | Bailey   | Killed a vault guard
  6289 | Bailey   | Reached skill level 8 in Invocations
  6309 | Bailey   | Gained mutation: You are agile. (Dex +4, Str/Int -1)
                  | [potion of mutation]
  6309 | Bailey   | Gained mutation: Your spells are a little harder to cast,
                  | but a little more powerful. [potion of mutation]
  6309 | Bailey   | Gained mutation: You are vulnerable to cold. (rC-) [potion
                  | of mutation]
  6315 | Bailey   | Noticed a vault guard
  6315 | Bailey   | Noticed Prince Ribbit
  6332 | Bailey   | Killed Prince Ribbit
  6334 | Bailey   | Killed a vault guard
  6335 | Bailey   | Reached skill level 10 in Axes
  6407 | D:9      | Noticed a two-headed ogre
  6422 | D:9      | Killed a two-headed ogre
  6423 | D:9      | Gained mutation: You are partially covered in icy blue
                  | scales. (AC +2) [demonic ancestry]
  6423 | D:9      | Reached XP level 11. HP: 86/86 MP: 17/17
  6434 | D:9      | Reached skill level 9 in Invocations
  6576 | D:9      | Identified the +0 ring mail "Veakaf" {rPois rC++}
  6892 | D:8      | Killed Psyche
  6934 | D:8      | Found a staircase to the Lair.
  6942 | D:8      | Identified the amulet of the Scavenger {Faith Fly rPois
                  | Str-3}
  6987 | D:8      | Reached skill level 10 in Invocations
  7013 | D:8      | Noticed Pikel
  7023 | D:8      | Killed Pikel
  7098 | D:8      | Reached *** piety under Qazlal
  7521 | D:10     | Entered Level 10 of the Dungeon
  7539 | D:10     | Found a one-way gate to the infinite horrors of the Abyss.
  7539 | D:10     | Noticed iamserjio's ghost (journeyman OpMo)
  7540 | D:10     | Found a transporter.
  7652 | D:10     | Found a transporter.
  7692 | D:10     | Noticed an occultist
  8218 | D:10     | Found an opulent altar of Gozag.
  8292 | D:11     | Found a staircase to the Orcish Mines.
  8400 | D:11     | Noticed a two-headed ogre
  8410 | D:11     | Killed a two-headed ogre
  8411 | D:11     | Reached skill level 11 in Invocations
  8597 | D:11     | Gained mutation: You are mostly covered in icy blue scales.
                  | (AC +3) [demonic ancestry]
  8597 | D:11     | Reached XP level 12. HP: 93/93 MP: 20/20
  8700 | D:11     | Noticed a two-headed ogre
  8710 | D:11     | Killed a two-headed ogre
  8732 | D:11     | Noticed a two-headed ogre
  8865 | D:11     | Noticed a two-headed ogre
  8886 | D:11     | Killed a two-headed ogre
  9101 | D:12     | Noticed a boulder beetle
  9135 | D:12     | Killed a boulder beetle
  9311 | D:12     | Noticed a boulder beetle
  9429 | Orc:1    | Entered Level 1 of the Orcish Mines
  9616 | Orc:1    | Found a frozen archway.
  9656 | Orc:1    | Found a bloodstained altar of Trog.
  9690 | Orc:1    | Lost mutation: Your spells are a little harder to cast, but
                  | a little more powerful. [potion of mutation]
  9690 | Orc:1    | Lost mutation: You are vulnerable to cold. (rC-) [potion of
                  | mutation]
  9690 | Orc:1    | Lost mutation: You are agile. (Dex +4, Str/Int -1) [potion
                  | of mutation]
  9690 | Orc:1    | Gained mutation: You occasionally lose the ability to read
                  | scrolls when taking damage. [potion of mutation]
  9690 | Orc:1    | Gained mutation: You have hidden genetic potential. [potion
                  | of mutation]
  9690 | Orc:1    | Gained mutation: You are covered in fur. (AC +1) [potion of
                  | mutation]
  9690 | Orc:1    | Gained mutation: You have great hidden genetic potential.
                  | [potion of mutation]
  9697 | IceCv    | Entered an ice cave
  9872 | IceCv    | Identified the +5 spear of Yesterday {protect, MP+9 Str+3}
  9911 | IceCv    | Reached skill level 10 in Shields
  9986 | IceCv    | Reached **** piety under Qazlal
 10124 | IceCv    | Noticed a death yak
 10142 | IceCv    | Killed a death yak
 10200 | IceCv    | Noticed a death yak
 10205 | IceCv    | Noticed a death yak
 10205 | IceCv    | Noticed a frost giant
 10220 | IceCv    | Killed a death yak
 10225 | IceCv    | Killed a death yak
 10226 | IceCv    | Gained mutation: You are robust. (+10% HP) [demonic
                  | ancestry]
 10226 | IceCv    | Reached XP level 13. HP: 63/107 MP: 21/21
 10232 | IceCv    | Identified the +5 ring mail "Wielle" {rElec rF+ Str+3}
 10520 | D:2      | Bought a +0 helmet for 54 gold pieces
 10629 | Lair:1   | Entered Level 1 of the Lair of Beasts
 10979 | Lair:1   | Gained mutation: You have an increased reservoir of magic.
                  | (+10% MP) [hidden potential]
 11233 | Lair:2   | Reached ***** piety under Qazlal
 11262 | Lair:2   | Found a staircase to the Snake Pit.
 11288 | Lair:2   | Found a staircase to the Shoals.
 11498 | Lair:2   | Found a dark tunnel.
 11507 | Volcano  | Entered a volcano
 11601 | Volcano  | Noticed a red draconian
 11647 | Volcano  | Found a radiant altar of Vehumet.
 11677 | Volcano  | Killed a red draconian
 11730 | Volcano  | Identified the +0 robe "Mucerhuv" {+Blink rF+ Int+3 Dex+2}
 12189 | Lair:3   | Identified the +6 halberd "Ogrebane" {freeze, Dex+5}
 12191 | Lair:3   | Found a gate leading to a gauntlet.
 12259 | Lair:3   | Reached skill level 15 in Axes
 12402 | Lair:3   | Gained mutation: You are very robust. (+20% HP) [demonic
                  | ancestry]
 12402 | Lair:3   | Reached XP level 14. HP: 107/126 MP: 24/24
 12544 | Gauntlet | Entered a Gauntlet
 12544 | Gauntlet | Found a transporter.
 12544 | Gauntlet | Found a transporter.
 12545 | Gauntlet | Found a transporter.
 12548 | Gauntlet | Found a transporter.
 12558 | Gauntlet | Found a transporter.
 12566 | Gauntlet | Found a transporter.
 12571 | Gauntlet | Found a transporter.
 12579 | Gauntlet | Found a transporter.
 12597 | Gauntlet | Found a transporter.
 12605 | Gauntlet | Found a transporter.
 12623 | Gauntlet | Found a transporter.
 12707 | Gauntlet | Found a transporter.
 12778 | Gauntlet | Identified the ring "Sadetiuhi" {*Corrode Will+ Str+5
                  | Stlth+}
 12871 | Gauntlet | Identified the ring "Waetz" {Fly rElec rPois}
 12914 | Gauntlet | Got the Parchment of the Hierophant
 13274 | Lair:4   | Noticed Sonja
 13276 | Lair:4   | Sonja changed into Sonja the naga
 13276 | Lair:4   | Noticed Sonja
 13296 | Lair:4   | Killed Sonja the naga
 13397 | Lair:4   | Gained mutation: Your flesh is heat resistant. (rF+)
                  | [hidden potential]
 13397 | Lair:4   | Lost mutation: You have great hidden genetic potential.
                  | [hidden potential expressed]
 14211 | Lair:5   | Entered Level 5 of the Lair of Beasts
 14747 | Lair:5   | Reached skill level 15 in Shields
 14767 | Lair:5   | Reached XP level 15. HP: 122/132 MP: 25/25
 14835 | Lair:5   | Got an earthy gem with 335 turns to spare
 14846 | Lair:5   | Identified the +6 quarterstaff of Crusades {freeze, rF+}
 15113 | Lair:5   | Got the Volume of the Lumpy Priests
 15129 | Lair:5   | Found a staircase to the Slime Pits.
 15182 | Lair:5   | Lost the earthy gem through the power of Zot.Gained a life
                  | (3 lives remaining)
 15398 | Lair:5   | Found a broken altar of Ashenzari.
 15513 | Lair:5   | Gained mutation: You have a pair of small antennae on your
                  | head. [hidden potential]
 15689 | Lair:5   | Reached skill level 5 in Armour
 16017 | Orc:2    | Entered Level 2 of the Orcish Mines
 16017 | Orc:2    | Noticed Maurice
 16017 | Orc:2    | Found a staircase to the Elven Halls.
 16019 | Orc:2    | Paralysed by Maurice for 2 turns
 16021 | Orc:2    | Maurice changed into Maurice the golden eye
 16021 | Orc:2    | Noticed Maurice
 16022 | Orc:2    | Killed Maurice the golden eye
 16493 | D:7      | Identified the +0 pair of boots "Ypyqys" {^Drain rPois
                  | Dex+6 Stlth+}
 16657 | D:10     | Reached skill level 12 in Invocations
 16660 | D:10     | Killed iamserjio's ghost
 16991 | Orc:2    | Reached skill level 5 in Dodging
 17316 | Orc:2    | Found Qeujo's Book Boutique.
 17316 | Orc:2    | Found Vaffuh's Weapon Boutique.
 17317 | Orc:2    | Found Distup's General Store.
 17317 | Orc:2    | Found Zibeuneo's General Store.
 17325 | Orc:2    | Bought a scroll of blinking for 82 gold pieces
 17325 | Orc:2    | Bought a potion of heal wounds for 55 gold pieces
 17325 | Orc:2    | Bought a scroll of teleportation for 33 gold pieces
 17325 | Orc:2    | Bought a potion of might for 44 gold pieces
 17327 | Orc:2    | Bought a scroll of fear for 40 gold pieces
 17327 | Orc:2    | Bought a scroll of fog for 40 gold pieces
 17327 | Orc:2    | Bought a potion of resistance for 100 gold pieces
 17327 | Orc:2    | Bought 2 potions of mutation for 160 gold pieces
 17329 | Orc:2    | Bought a book of the Wilderness for 380 gold pieces
 17332 | Orc:2    | Bought a book of Spatial Translocations for 288 gold pieces
 17807 | D:12     | Noticed Jorgrun
 17824 | D:12     | Killed Jorgrun
 17825 | D:12     | Reached skill level 13 in Invocations
 18139 | D:12     | Reached skill level 10 in Fighting
 18303 | D:12     | Gained mutation: You are completely covered in icy blue
                  | scales. (AC +4, rC+) [demonic ancestry]
 18303 | D:12     | Reached XP level 16. HP: 116/146 MP: 28/28
 18570 | D:13     | Found Xacucop's Weapon Shoppe.
 18580 | D:13     | Bought the +6 war axe of Fee Simple {antimagic, rPois rCorr
                  | Str+5 Int-4} for 1128 gold pieces
 18735 | D:13     | Found Pejuad's Magic Scroll Shop.
 18742 | D:13     | Bought a scroll of blinking for 105 gold pieces
 18742 | D:13     | Bought 2 scrolls of teleportation for 84 gold pieces
 18796 | D:13     | Found Pob Kost's Antique Weapon Boutique.
 18848 | D:13     | Found Okhlokkad's Magic Scroll Emporium.
 18862 | D:13     | Bought a scroll of blinking for 127 gold pieces
 18862 | D:13     | Bought a scroll of teleportation for 51 gold pieces
 19141 | D:13     | Gained mutation: You have a considerably increased
                  | reservoir of magic. (+20% MP) [hidden potential]
 19141 | D:13     | Lost mutation: You have hidden genetic potential. [hidden
                  | potential expressed]
 19570 | D:14     | Reached skill level 14 in Invocations
 19640 | D:14     | Found a gate to the Vaults.
 20017 | D:15     | Entered Level 15 of the Dungeon
 20544 | D:15     | Found a staircase to the Depths.
 20847 | Snake:1  | Entered Level 1 of the Snake Pit
 20848 | Snake:1  | Found a basalt altar of Yredelemnul.
 20965 | Snake:1  | Reached skill level 15 in Invocations
 21056 | Snake:1  | Found Xaowk's Assorted Antiques.
 21060 | Snake:1  | Found Hunif's Jewellery Shoppe.
 21061 | Snake:1  | Found Soitzouk's Distillery.
 21072 | Snake:1  | Bought a scroll of enchant weapon for 210 gold pieces
 21153 | Snake:1  | Found Tuekkef's Weapon Boutique.
 21502 | Snake:2  | Found a shimmering blue altar of Sif Muna.
 21562 | Snake:2  | Found a runed translucent door.
 21564 | Snake:2  | Noticed Elezeri's ghost (adept DrSh)
 21639 | Snake:2  | Reached XP level 17. HP: 142/159 MP: 8/34
 22714 | Snake:3  | Reached skill level 16 in Invocations
 22902 | Snake:3  | Noticed Roxanne
 23015 | Snake:4  | Entered Level 4 of the Snake Pit
 23070 | Snake:4  | Identified the +1 scale mail "Ten Ituet" {SInv}
 23275 | Snake:4  | Reached skill level 10 in Armour
 23344 | Snake:4  | Identified the +3 leather armour of the Devil's Advocate
                  | {rN++ Regen+}
 24136 | Snake:4  | Reached skill level 10 in Dodging
 24343 | Snake:4  | Reached skill level 17 in Invocations
 24449 | Snake:4  | Reached XP level 18. HP: 170/171 MP: 8/36
 24990 | Snake:4  | Learned a level 2 spell: Lesser Beckoning
 25054 | Snake:4  | Reached skill level 1 in Spellcasting
 25054 | Snake:4  | Reached skill level 1 in Translocations
 25166 | Snake:4  | Got a serpentine rune of Zot
 25715 | Snake:3  | Killed Roxanne
 25820 | Shoals:1 | Entered Level 1 of the Shoals
 25820 | Shoals:1 | Noticed Nikola
 25835 | Shoals:1 | Killed Nikola
 26263 | Shoals:1 | Upgraded the game from 0.31-a0-1537-g69dc257577 to
                  | 0.31-a0-1547-g618ab1f346
 26741 | Shoals:2 | Reached skill level 5 in Spellcasting
 26745 | Shoals:2 | Reached skill level 5 in Translocations
 27046 | Shoals:2 | Found Yllepudi's General Store.
 27101 | Shoals:2 | Learned a level 4 spell: Iskenderun's Mystic Blast
 27346 | Shoals:3 | Reached skill level 1 in Conjurations
 27380 | Shoals:4 | Entered Level 4 of the Shoals
 28054 | Shoals:4 | Noticed Ilsuiw
 28324 | Shoals:4 | Identified the +0 scale mail "Ujih" {rCorr}
 28385 | Shoals:4 | Reached XP level 19. HP: 61/184 MP: 9/37
 28797 | Shoals:4 | Reached skill level 15 in Fighting
 28878 | Shoals:4 | Got a barnacled rune of Zot
 29841 | Shoals:3 | Reached skill level 5 in Conjurations
 30485 | Vaults:1 | Entered Level 1 of the Vaults
 30547 | D:13     | Bought a scroll of enchant weapon for 127 gold pieces
 31494 | Elf:1    | Entered Level 1 of the Elven Halls
 31743 | Elf:1    | Noticed Louise
 31772 | Elf:1    | Killed Louise
 31816 | Elf:1    | Found Peohaaw's Armour Shop.
 31816 | Elf:1    | Found Xusi Xagod's Antique Armour Boutique.
 31817 | Elf:1    | Found Neub Desch's Assorted Antiques.
 31820 | Elf:1    | Found Wialuc's Weapon Shop.
 31838 | Elf:1    | Paralysed by an air elemental for 1 turns
 31860 | Elf:1    | Bought a scroll of teleportation for 87 gold pieces
 31860 | Elf:1    | Bought a potion of enlightenment for 145 gold pieces
 32025 | Elf:1    | Acquired the ring "Iketiok" {Fly Will+++ EV+5 Stlth-}
 32062 | Elf:1    | Noticed Azrael
 32068 | Elf:1    | Killed Azrael
 32147 | Elf:1    | Found Riqesov's Self-Improvement Boutique.
 32835 | Elf:2    | Gained mutation: You are partially covered in sharp spines.
                  | [demonic ancestry]
 32835 | Elf:2    | Reached XP level 20. HP: 190/195 MP: 39/39
 32883 | Elf:2    | Found a runed translucent gate.
 32884 | Elf:2    | Found a runed translucent gate.
 32884 | Elf:2    | Found a runed translucent gate.
 33063 | Elf:2    | Found a huge runed gate.
 33063 | Elf:2    | Found a huge runed gate.
 33063 | Elf:2    | Found a huge runed gate.
 33064 | Elf:2    | Found a huge runed gate.
 33064 | Elf:2    | Found a huge runed gate.
 33064 | Elf:2    | Found a huge runed gate.
 33065 | Elf:2    | Found a huge runed gate.
 33065 | Elf:2    | Found a huge runed gate.
 33066 | Elf:2    | Found a huge runed gate.
 33066 | Elf:2    | Found a huge runed gate.
 33067 | Elf:2    | Found a huge runed gate.
 33068 | Elf:2    | Found a huge runed gate.
 33069 | Elf:2    | Found a huge runed gate.
 33070 | Elf:2    | Found a huge runed gate.
 33071 | Elf:2    | Found a huge runed gate.
 33072 | Elf:2    | Found a huge runed gate.
 33080 | Elf:2    | Found a huge runed gate.
 33080 | Elf:2    | Found a huge runed gate.
 33080 | Elf:2    | Found a huge runed gate.
 33080 | Elf:2    | Found a huge runed gate.
 33080 | Elf:2    | Found a huge runed gate.
 33080 | Elf:2    | Found a huge runed gate.
 33080 | Elf:2    | Found a huge runed gate.
 33081 | Elf:2    | Found a huge runed gate.
 33082 | Elf:2    | Found a huge runed gate.
 33331 | Elf:2    | Found a huge runed gate.
 33331 | Elf:2    | Found a huge runed gate.
 33331 | Elf:2    | Found a huge runed gate.
 33336 | Elf:2    | Found a huge runed gate.
 33336 | Elf:2    | Found a huge runed gate.
 33336 | Elf:2    | Found a huge runed gate.
 33336 | Elf:2    | Found a huge runed gate.
 33336 | Elf:2    | Found a huge runed gate.
 33336 | Elf:2    | Found a huge runed gate.
 33337 | Elf:2    | Found a huge runed gate.
 33338 | Elf:2    | Found a huge runed gate.
 33532 | Elf:2    | Identified the +5 scale mail of Henotheism {+Blink Str+3
                  | Dex+4}
 33727 | Elf:2    | Reached skill level 18 in Invocations
 34179 | Elf:3    | Entered Level 3 of the Elven Halls
 34553 | Elf:3    | Found Aeufir's Alliterative Armaments.
 35194 | Elf:3    | Paralysed by an air elemental for 1 turns
 35233 | Elf:3    | Identified the ring "Zoxaoj" {rF+ EV+5 Str+6}
 35349 | Elf:3    | Gained mutation: You are mostly covered in sharp spines.
                  | [demonic ancestry]
 35349 | Elf:3    | Reached XP level 21. HP: 152/206 MP: 41/41
 35362 | Elf:3    | Identified the ring of Freedom {rElec rC- rN+ AC+4 Str+7}
 35440 | Elf:3    | Reached skill level 19 in Invocations
 35665 | Elf:3    | Got the Omnibus of Fetid Incandescence
 35705 | Elf:3    | Got the Tome of the Tectonic Autopsy
 35716 | Elf:3    | Identified the ring of the Kappa {rN+ Will+ EV+5}
 35718 | Elf:3    | Identified the staff of Uvvuromm {rElec rC+ rN+ Str+3 Dex+2
                  | Ice}
 36127 | Vaults:2 | Reached skill level 10 in Spellcasting
 36163 | Vaults:1 | Identified the +6 chain mail of Doomed Salvation {rF+ Int+2
                  | SInv}
 36955 | Vaults:2 | Found Qelehofa's Armour Shoppe.
 36995 | Vaults:2 | Reached ****** piety under Qazlal
 37406 | Vaults:2 | Reached skill level 10 in Conjurations
 37433 | Vaults:2 | Found a staircase to the Crypt.
 37700 | Crypt:1  | Entered Level 1 of the Crypt
 37766 | Crypt:1  | Reached skill level 20 in Invocations
 37799 | Crypt:1  | Noticed Boris
 37822 | Crypt:1  | Killed Boris
 38093 | Crypt:1  | Noticed Sojobo
 38118 | Crypt:1  | Killed Sojobo
 38864 | Crypt:2  | Gained mutation: You are extremely robust. (+30% HP)
                  | [demonic ancestry]
 38864 | Crypt:2  | Reached XP level 22. HP: 204/230 MP: 44/44
 39591 | Crypt:3  | Entered Level 3 of the Crypt
 39889 | Crypt:3  | Reached skill level 21 in Invocations
 39895 | Crypt:3  | Got the Compilation of Sciomancy
 40181 | Crypt:3  | Identified the +2 ring mail of the Gusle {Str+4}
 40413 | Crypt:3  | Noticed a royal mummy
 40433 | Crypt:3  | Killed a royal mummy
 40622 | Crypt:3  | Found a staircase to the Tomb.
 40754 | Crypt:3  | Found an ancient bone altar of Kikubaaqudgha.
 40847 | Crypt:3  | Identified the staff of Cataclysm {rF+ Int+2 Fire}
 40885 | Crypt:3  | Noticed an ancient lich
 40899 | Crypt:3  | Killed an ancient lich
 40900 | Crypt:3  | Noticed an ancient lich
 40925 | Crypt:3  | Killed an ancient lich
 41960 | Vaults:2 | Upgraded the game from 0.31-a0-1547-g618ab1f346 to
                  | 0.31-a0-1555-g5715333c33
 42696 | Vaults:3 | Gained mutation: A meltable icy envelope protects you from
                  | harm. (AC +8) [demonic ancestry]
 42696 | Vaults:3 | Reached XP level 23. HP: 162/249 MP: 44/47
 42729 | Vaults:3 | Reached skill level 22 in Invocations
 42771 | Vaults:3 | Learned a level 3 spell: Passwall
 42887 | Vaults:4 | Noticed Jory
 42911 | Vaults:4 | Killed Jory
 42928 | Vaults:4 | Identified the +5 ring mail of Demons {Str+2 Int+5}
 43251 | Vaults:4 | Noticed Zenata
 43264 | Vaults:4 | Killed Zenata
 43953 | Vaults:3 | Found a runed translucent gate.
 43953 | Vaults:3 | Found a runed translucent gate.
 43953 | Vaults:3 | Found a runed translucent gate.
 43953 | Vaults:3 | Found an opulent altar of Gozag.
 43953 | Vaults:3 | Noticed Tang's ghost (master DsGl)
 44013 | Vaults:3 | Killed Tang's ghost
 44201 | Vaults:3 | Upgraded the game from 0.31-a0-1555-g5715333c33 to
                  | 0.31-a0-1574-g5526595cd0
 44238 | Vaults:3 | Learned a level 5 spell: Arcjolt
 44631 | Vaults:1 | Reached skill level 1 in Air Magic
 44768 | Depths:1 | Entered Level 1 of the Depths
 44956 | Depths:1 | Noticed Saint Roka
 44969 | Depths:1 | Killed Saint Roka
 45084 | Depths:1 | Found a one-way gate leading to the halls of Pandemonium.
 45196 | Depths:1 | Noticed Asterion
 45205 | Depths:1 | Killed Asterion
 45253 | Depths:1 | Noticed Bai Suzhen
 45280 | Depths:1 | Killed Bai Suzhen
 45328 | Depths:1 | Found Ephut's Firing Range.
 45334 | Depths:1 | Bought a throwing net for 39 gold pieces
 45334 | Depths:1 | Bought a throwing net for 39 gold pieces
 45471 | Depths:1 | Found a gateway to Hell.
 45477 | Depths:1 | Noticed Boris
 45492 | Depths:1 | Killed Boris
 45902 | Depths:2 | Identified the serpent talisman of the Nurturing Gods {rN++
                  | rCorr}
 45902 | Depths:2 | Noticed Aizul
 45917 | Depths:2 | Killed Aizul
 46041 | Depths:2 | Found a one-way gateway to a ziggurat.
 46411 | Depths:2 | Noticed a juggernaut
 46419 | Depths:2 | Gained mutation: A meltable icy envelope protects you from
                  | harm. (AC +8) [demonic ancestry]
 46419 | Depths:2 | Reached XP level 24. HP: 97/262 MP: 40/48
 46419 | Depths:2 | Identified the +11 quarterstaff "Efaew" {protect, rF+
                  | Int+3}
 46944 | Depths:3 | Found a hide-covered altar of Uskayaw.
 47028 | Depths:3 | Identified the ring "Fobbygh" {+Blink Will- Str+3 Dex+6}
 47308 | Depths:3 | Found Qifoqone's Antique Armour Shop.
 47316 | Depths:3 | Bought a crude leather armour for 210 gold pieces
 47316 | Depths:3 | Identified the +2 leather armour "Cuisin" {Harm rF+ Dex+2}
                  | (You bought it in a shop on level 3 of the Depths)
 47770 | Depths:4 | Entered Level 4 of the Depths
 48347 | Depths:4 | Noticed Boris
 48364 | Depths:4 | Killed Boris
 48557 | Depths:2 | Killed a juggernaut
 49084 | Depths:2 | Identified the staff of Sobao {rF+ Str+2 Fire}
 49691 | Vaults:5 | Entered Level 5 of the Vaults
 49697 | Vaults:5 | Reached XP level 25. HP: 217/271 MP: 48/48
 49806 | Vaults:5 | Reached skill level 23 in Invocations
 49808 | Vaults:5 | Identified the +8 war axe "Unoklur" {vamp, rN+ Str+3}
 49855 | Vaults:5 | Noticed an ancient lich
 50124 | Vaults:5 | Reached skill level 24 in Invocations
 50542 | Vaults:5 | Identified the +6 battleaxe of the Little People {venom,
                  | rElec rPois Str-4 Int+8}
 50786 | Vaults:5 | Reached skill level 25 in Invocations
 50846 | Vaults:5 | Killed an ancient lich
 50885 | Vaults:5 | Identified the amulet of the Traitor {Harm Regen+ SInv}
 51029 | Vaults:5 | Identified the staff "Huratar" {rC++ Dex+4 Conj}
 51037 | Vaults:5 | Got a silver rune of Zot
 51948 | Depths:4 | Reached skill level 26 in Invocations
 52085 | Depths:4 | Found a gate to the Realm of Zot.
 52408 | Depths:4 | Found a snail-covered altar of Cheibriados.
 52455 | Zot:1    | Entered Level 1 of the Realm of Zot
 52753 | Elf:1    | Bought a manual of Dodging for 1440 gold pieces
 52753 | Elf:1    | Bought a manual of Air Magic for 1440 gold pieces
 53032 | Zot:1    | You are sucked into a shaft and drop 1 floor!
 53691 | Zot:2    | Reached skill level 5 in Air Magic
 53922 | Zot:2    | Gained mutation: You are completely covered in sharp
                  | spines. [demonic ancestry]
 53922 | Zot:2    | Reached XP level 26. HP: 187/280 MP: 48/48
 54832 | Zot:3    | Reached skill level 27 in Invocations
 54892 | Zot:3    | Found a transporter.
 55449 | Zot:3    | Identified the orb "Qucwijoc" {mayhem, Dex+2}
 55497 | Zot:3    | Found a transporter.
 56164 | Zot:3    | Reached skill level 10 in Air Magic
 56455 | Zot:4    | Reached skill level 15 in Dodging
 56497 | Zot:4    | Gained mutation: You are clumsy. (Dex -2) [mutagenic glow]
 56512 | Zot:4    | Gained mutation: You sometimes lose your temper in combat.
                  | [mutagenic glow]
 56543 | Zot:4    | Gained mutation: Armour fits poorly on your strangely
                  | shaped body. [mutagenic glow]
 56870 | Zot:4    | Lost mutation: You are covered in fur. (AC +1) [potion of
                  | mutation]
 56870 | Zot:4    | Lost mutation: You are clumsy. (Dex -2) [potion of
                  | mutation]
 56870 | Zot:4    | Lost mutation: You have a pair of small antennae on your
                  | head. [potion of mutation]
 56870 | Zot:4    | Lost mutation: You have a considerably increased reservoir
                  | of magic. (+20% MP) [potion of mutation]
 56876 | Zot:4    | Lost mutation: You sometimes lose your temper in combat.
                  | [potion of mutation]
 56876 | Zot:4    | Lost mutation: Your flesh is heat resistant. (rF+) [potion
                  | of mutation]
 56876 | Zot:4    | Gained mutation: You have supernaturally acute eyesight.
                  | (SInv) [potion of mutation]
 56876 | Zot:4    | Gained mutation: You have a pair of small antennae on your
                  | head. [potion of mutation]
 56877 | Zot:4    | Lost mutation: Armour fits poorly on your strangely shaped
                  | body. [potion of mutation]
 56877 | Zot:4    | Lost mutation: You have supernaturally acute eyesight.
                  | (SInv) [potion of mutation]
 56877 | Zot:4    | Lost mutation: You have an increased reservoir of magic.
                  | (+10% MP) [potion of mutation]
 56877 | Zot:4    | Gained mutation: Your spells are a little harder to cast,
                  | but a little more powerful. [potion of mutation]
 56877 | Zot:4    | Gained mutation: You sometimes lose the ability to read
                  | scrolls when taking damage. [potion of mutation]
 56877 | Zot:4    | Gained mutation: You have large cloven feet. [potion of
                  | mutation]
 56878 | Zot:4    | Lost mutation: You sometimes lose the ability to read
                  | scrolls when taking damage. [potion of mutation]
 56878 | Zot:4    | Lost mutation: You have a pair of small antennae on your
                  | head. [potion of mutation]
 56878 | Zot:4    | Gained mutation: You passively dampen the noise of your
                  | surroundings. [potion of mutation]
 57355 | Zot:5    | Entered Level 5 of the Realm of Zot
 57825 | Zot:5    | Upgraded the game from 0.31-a0-1574-g5526595cd0 to
                  | 0.31-a0-1581-g41d5ff3e7b
 57890 | Zot:5    | Noticed a dread lich
 57908 | Zot:5    | Killed a dread lich
 58185 | Zig:1    | Entered Level 1 of a ziggurat
 58204 | Zig:2    | Entered Level 2 of a ziggurat
 58362 | Zig:3    | Entered Level 3 of a ziggurat
 58374 | Zig:3    | Identified the +9 spear of Urchopt {elec, Will+ Int+6}
 58377 | Zig:4    | Entered Level 4 of a ziggurat
 58581 | Zig:4    | Noticed a royal mummy
 58590 | Zig:4    | Killed a royal mummy
 58601 | Zig:4    | Identified the ring of Dousulau {rF- rC+ rN+ Dex+3}
 58614 | Zig:5    | Entered Level 5 of a ziggurat
 58780 | Zig:6    | Entered Level 6 of a ziggurat
 58955 | Zig:7    | Entered Level 7 of a ziggurat
 58962 | Zig:7    | Noticed an ancient lich
 58964 | Zig:7    | Noticed an ancient lich
 58976 | Zig:7    | Identified the +2 trident of the Lusting Viper {freeze, rC+
                  | Str-4 Int+4}
 58979 | Zig:7    | HP: 13/276 [something (20)]
 60032 | Vaults:2 | Learned a level 4 spell: Airstrike
 60374 | Lair:5   | Found a viscous altar of Jiyva.
 60407 | Slime:1  | Entered Level 1 of the Pits of Slime
 60561 | Slime:3  | Gained mutation: You are strong-willed. (Will+) [a shining
                  | eye]
 60564 | Slime:3  | Reached XP level 27. HP: 291/291 MP: 32/40
 60729 | Slime:3  | Gained mutation: Your body sometimes deteriorates upon
                  | taking damage. [a shining eye]
 60803 | Slime:3  | Lost mutation: Your spells are a little harder to cast, but
                  | a little more powerful. [a shining eye]
 60959 | Slime:4  | Noticed Dissolution
 60969 | Slime:4  | Killed Dissolution
 61032 | Slime:5  | Entered Level 5 of the Pits of Slime
 61238 | Slime:5  | Found a viscous altar of Jiyva.
 61333 | Slime:5  | Noticed the Royal Jelly
 61355 | Slime:5  | Gained mutation: Your spells are a little easier to cast,
                  | but a little less powerful. [a shining eye]
 61723 | Slime:5  | Killed the Royal Jelly
 61828 | Slime:5  | Identified the ring "Das Duewn" {Str+3 Int+6}
 61889 | Slime:5  | Identified the +2 robe of Rosongiph {rN+}
 61893 | Slime:5  | Identified the +6 plate armour "Fooche" {Regen+ Str+4}
 61927 | Slime:5  | Identified the +3 pair of gloves of Urisy {rC++ Regen+
                  | Dex-3}
 61930 | Slime:5  | Got a slimy rune of Zot
 61939 | Slime:5  | Identified the staff "Cuheushe" {rPois Int+4 Alchemy}
 61953 | Slime:5  | Identified the +0 long sword "Eviscerator" {speed, rN+
                  | Str+3 Dex+3 SInv}
 62774 | Snake:2  | Killed Elezeri's ghost
 62789 | Snake:2  | Lost mutation: You are strong-willed. (Will+) [potion of
                  | mutation]
 62789 | Snake:2  | Lost mutation: You passively dampen the noise of your
                  | surroundings. [potion of mutation]
 62789 | Snake:2  | Gained mutation: Your muscles are strong. (Str +4, Int/Dex
                  | -1) [potion of mutation]
 62789 | Snake:2  | Gained mutation: Your movements are slightly less
                  | encumbered by armour. (ER -2) [potion of mutation]
 62789 | Snake:2  | Gained mutation: You are somewhat resistant to further
                  | mutation. [potion of mutation]
 62970 | D:10     | Voluntarily entered the Abyss.
 62970 | Abyss:1  | Found a corrupted altar of Lugonu.
 63247 | Abyss:1  | Paralysed by accursed screaming for 1 turns
 63504 | Abyss:1  | Gained mutation: You occasionally shout uncontrollably at
                  | your foes. [a shining eye]
 63684 | Abyss:3  | Found a corrupted altar of Lugonu.
 63703 | Abyss:4  | Found a corrupted altar of Lugonu.
 63742 | Abyss:4  | Found a corrupted altar of Lugonu.
 63855 | Abyss:4  | Reached skill level 15 in Armour
 63857 | Abyss:4  | Gained mutation: You are dopey. (Int -2) [a cacodemon]
 63949 | D:10     | Escaped the Abyss
 63950 | D:10     | Lost mutation: Your spells are a little easier to cast, but
                  | a little less powerful. [potion of mutation]
 63950 | D:10     | Lost mutation: Your muscles are strong. (Str +4, Int/Dex
                  | -1) [potion of mutation]
 63950 | D:10     | Gained mutation: You passively map a small area around you.
                  | [potion of mutation]
 63951 | D:10     | Lost mutation: You passively map a small area around you.
                  | [potion of mutation]
 63951 | D:10     | Lost mutation: You have large cloven feet. [potion of
                  | mutation]
 63951 | D:10     | Lost mutation: You are dopey. (Int -2) [potion of mutation]
 63951 | D:10     | Gained mutation: Your magical capacity is low. (-10% MP)
                  | [potion of mutation]
 63952 | D:10     | Lost mutation: You occasionally lose the ability to read
                  | scrolls when taking damage. [potion of mutation]
 63952 | D:10     | Lost mutation: Your magical capacity is low. (-10% MP)
                  | [potion of mutation]
 63952 | D:10     | Gained mutation: Your system is resistant to poisons.
                  | (rPois) [potion of mutation]
 64456 | Pan      | Entered Pandemonium
 64463 | Pan      | Noticed Yrgho the pandemonium lord
 64500 | Pan      | Killed Yrgho the pandemonium lord
 64947 | Pan      | Noticed Mennas
 64981 | Pan      | Found an exit through the horrors of the Abyss.
 64988 | Pan      | Took an exit into the Abyss.
 64988 | Abyss:4  | Escaped into the Abyss
 65099 | Depths:1 | Escaped the Abyss
 65816 | Zot:5    | Noticed an orb of fire
 65824 | Zot:5    | Gained mutation: You are clumsy. (Dex -2) [an orb of fire]
 65825 | Zot:5    | Noticed a dread lich
 65845 | Zot:5    | Killed an orb of fire
 65860 | Zot:5    | Killed a dread lich
 65874 | Zot:5    | Noticed an orb of fire
 65888 | Zot:5    | Gained mutation: You have supernaturally acute eyesight.
                  | (SInv) [an orb of fire]
 65900 | Zot:5    | Killed an orb of fire
 66103 | Zot:5    | Noticed an orb of fire
 66116 | Zot:5    | Gained mutation: You are vulnerable to cold. (rC-) [an orb
                  | of fire]
 66124 | Zot:5    | Gained mutation: Armour fits poorly on your strangely
                  | shaped body. [an orb of fire]
 66128 | Zot:5    | Killed an orb of fire
 66159 | Zot:5    | Lost mutation: Your body sometimes deteriorates upon taking
                  | damage. [potion of mutation]
 66159 | Zot:5    | Lost mutation: You have supernaturally acute eyesight.
                  | (SInv) [potion of mutation]
 66160 | Zot:5    | Lost mutation: Armour fits poorly on your strangely shaped
                  | body. [potion of mutation]
 66160 | Zot:5    | Lost mutation: You are clumsy. (Dex -2) [potion of
                  | mutation]
 66179 | Zot:5    | Noticed a dread lich
 66198 | Zot:5    | Killed a dread lich
 66586 | Zot:5    | Noticed a dread lich
 66617 | Zot:5    | Noticed a dread lich
 66623 | Zot:5    | Paralysed by a dread lich for 4 turns
 66635 | Zot:5    | Killed a dread lich
 66639 | Zot:5    | Killed a dread lich
 67037 | Zot:5    | Noticed a dread lich
 67050 | Zot:5    | Killed a dread lich
 67285 | Zot:5    | Learned a level 1 spell: Apportation
 67286 | Zot:5    | Got the Orb of Zot
 67703 | D:8      | Noticed Ekaosh the pandemonium lord
 67871 | D:$      | Escaped with the Orb!

Illustrated notes

Levels and vault maps discovered:
D:1:      wander_arrival_lonely_grave, layout_loops_ring
D:2:      minmay_diamond_boxcup, layout_basic, serial_shops, shop,
          kennysheep_another_room
D:3:      layout_loops_ring, gammafunk_temple_overflow_wave
D:4:      layout_cave_pools, makhleb_altar_promises_db, kennysheep_donut,
          minmay_misc_feat_pillars
D:5:      layout_rooms
D:6:      layout_basic, tso_metal_star
D:7:      gammafunk_the_bubble [the_bubble_gammafunk_roulette],
          layout_cave_pods, zin_statuary, minmay_temple_entry_arrows,
          uniq_menkaure
D:8:      layout_gridville, minmay_lair_entry_grove, kennysheep_generic_room_3,
          uniq_psyche, uniq_pikel
D:9:      layout_stronghold, mainiacjoe_overflow_small_starburst,
          mainiacjoe_overflow_paths, serial_column_ruins, column_ruins_hut,
          column_ruins_square_medium, column_ruins_columns_dead_end,
          column_ruins_open_small, column_ruins_open_large,
          column_ruins_columns_straight, column_ruins_grid_3,
          column_ruins_corridor_corner, column_ruins_columns_straight,
          enter_bailey_3, kennysheep_kite_vault
D:10:     layout_basic, grunt_gozag_statues, gammafunk_ghost_abyssal_escape,
          hangedman_decor_clover_reticule
D:11:     layout_stronghold, orc_0_dummy
D:12:     evilmike_diamond_2, layout_basic, uniq_jorgrun
D:13:     layout_gridville, serial_shops, nicolae_shop_advertising_works
          [nicolae_subvault_shop_adworks], nicolae_shop_window_shopping,
          nicolae_lakefront_shop, shop, minmay_misc_feat_tiny
D:14:     layout_cave_pools, grunt_vaults_entry_tiered, serial_bayou,
          serial_bayou_pond_a, serial_bayou_pond_b, serial_bayou_shore_b,
          serial_bayou_lagoon_a, serial_bayou_crossing, serial_bayou_pond_c,
          serial_bayou_pond_a
D:15:     grunt_enter_depths_snipers, layout_rooms, kennysheep_flooded_box,
          hangedman_decor_growths
Temple:   nicolae_temple_great_sept
Lair:1:   layout_cave_shapes, serial_bayou_shore_a
Lair:2:   layout_gridlike, elwin_shoals_entry_stream,
          guppyfry_snake_entry_garden, nicolae_volcano_entry_two_sided,
          infiniplex_staircase_pool
Lair:3:   layout_big_grid, gauntlet_entry_generic, grunt_megastairs_2
Lair:4:   layout_hall_layers, uniq_sonja
Lair:5:   evilmike_catoblepas_cave, layout_layer_cave,
          minmay_slime_entry_oklob_open, basic_altar, nzn_sisyphean_effort
Shoals:1: layout_shoals, uniq_nikola
Shoals:2: nicolae_shoals_island_circles, layout_shoals, serial_shops, shop
Shoals:3: cheibrodos_shoals_oceanic_diplomacy, layout_shoals,
          nicolae_splish_splash
Shoals:4: shoals_end_hangedman, layout_shoals, shoals_ilsuiw_alternative
Snake:1:  layout_misc_corridors, serial_shops,
          nicolae_shop_tiny_real_fake_doors, lemuel_oklob_altar,
          minmay_shop_star
Snake:2:  layout_basic, basic_altar, ebering_ghost_inner_flame,
          lemuel_fruit_tree
Snake:3:  layout_onion, hangedman_snake_wide_pillar_pass, grunt_ministairs_13,
          serial_bayou_pond_e, uniq_roxanne
Snake:4:  grunt_snake_rune_spirals, layout_onion
Slime:1:  layout_caves, cheibrodos_slime_lost_civilization_5
Slime:2:  layout_caves, cheibrodos_slime_lost_civilization_4
Slime:3:  nicolae_slime_spelunking
Slime:4:  layout_caves, uniq_dissolution
Slime:5:  slime_pit_nicolae_amoeboid
Orc:1:    layout_diamond_mine, portal_ice_cave_entry_pillars_2, basic_altar
Orc:2:    st_orc_pillars, layout_diamond_mine, statue_in_the_mist_lemuel,
          mines2_lemuel, uniq_maurice
Elf:1:    eino_elf_arrival_the_gate, layout_onion_city,
          hangedman_corner_corridor, amethyst_killhole, nicolae_shop_self_help,
          minmay_shoptagon, uniq_azrael, uniq_louise
Elf:2:    nicolae_elf_blades_crystal_corner, layout_gridlike, door_vault
Elf:3:    elf_hall, layout_rooms, monkooky_shop_alliterative,
          roderic_lattice_octagonal_star
Vaults:1: nicolae_vaults_network_square, hangedman_vaults_corner_blocks,
          nicolae_vaults_tangram_1, nicolae_vaults_twisting_passages,
          hangedman_vaults_slice, dpeg_vaults_pockets_of_resistance,
          vaults_room_pool, layout_vaults_omnigrid
Vaults:2: hangedman_vaults_pinch, minmay_crypt_entry_simple_plaza,
          hangedman_vaults_stream, vaults_dpeg_spiral,
          nicolae_vaults_heart-shaped_vault, hangedman_vaults_nails,
          ontoclasm_vaults_chip, nicolae_vaults_stepped_doors,
          ontoclasm_vaults_ring_large, vaults_room_pool, vaults_mumra_lcd,
          grunt_vaults_hallway_short, nicolae_vaults_double_plus_1,
          layout_vaults_chaotic_city, serial_shops, nicolae_square_shop
Vaults:3: ebering_ghost_gozag, nicolae_vaults_halls_meeting,
          vaults_mumra_chevron, vaults_room_boxed, hangedman_vaults_snaps,
          grunt_vaults_focal, nicolae_vaults_wrenched, ontoclasm_vaults_gateway,
          nicolae_vaults_sealed_display, nicolae_vaults_specimen_jars,
          nicolae_vaults_closet_pinwheel_4, nicolae_vaults_house_1,
          vaults_mumra_hex, layout_vaults_omnibox
Vaults:4: v_misc_23, nicolae_vaults_tetromino_Z_2, hangedman_vaults_impose,
          v_pattern_5, nicolae_vaults_turnstiles,
          nicolae_vaults_variable_pillar_hall, nicolae_vaults_hallways_thing,
          nicolae_vaults_tangram_2, nicolae_vaults_prndl,
          nicolae_vaults_three_branches, vaults_mumra_minichess,
          vaults_room_stairs_pillars, vaults_room_pool,
          nicolae_vaults_shelves_hall, nicolae_vaults_trapezoid_3,
          layout_vaults_omnicross, uniq_zenata, uniq_jory
Vaults:5
Crypt:1:  layout_catacombs, palyth_stone_intersect, uniq_boris, uniq_sojobo
Crypt:2:  grunt_deathspiral_small, layout_misc_corridors, hex_tiny,
          chequers_big_river, ebering_dispersal_statue_hall
Crypt:3:  evilmike_haunted_forest
Depths:1: layout_gridville, rand_demon_pan_entry_9, hell_entry,
          nicolae_elyvilon_temple_path, abyss_entry, nicolae_shop_firing_range,
          uniq_bai_suzhen, uniq_saint_roka, uniq_asterion
Depths:2: minmay_expanding_squares, layout_basic, enter_ziggurat_b, hellmouth_1,
          grunt_pan_entry_in_and_out, minmay_misc_feat_tower,
          gammafunk_ghost_grave, uniq_aizul
Depths:3: kennysheep_large_spiral, layout_long_grid, nicolae_uskayaw_dance_hall,
          serial_shops, shop_fountains, minmay_room_of_horrors, hell_entry,
          infiniplex_staircase_pool_2
Depths:4: grunt_zot_entry_alcove, layout_cave_pools, hell_entry, slow_altar_2
Zot:1:    layout_onion
Zot:2:    regret_index_zot_pan_timeshare, layout_cathedral_of_symmetry
Zot:3:    layout_gridlike, st_single_dragon_hoard_3, nicolae_diode_stairs,
          grunt_megastairs_5
Zot:4:    layout_onion, lemuel_baited_zot_trap
Zot:5:    layout_misc_corridors, hangedman_zot_decor_scrapings, st_stairs_1,
          nicolae_tricolors

Skill      XL: |  1  2  3  4  5  6  7  8  9 10 11 12 13 14 15 16 17 18 19 20 21 22 23 24 25 26 27 |
---------------+----------------------------------------------------------------------------------+-----
Axes           | 3 4 5 6 7 8 10 11 13 15 16 18 | 18.2
Dodging        | 3 6 8 10 11 16 | 16.3
Fighting       | 4 5 6 8 10 11 13 14 15 16 17 18 19 23 | 23.4
Armour         | 1 2 4 7 9 10 11 18 | 18.1
Shields        | 4 6 8 10 12 15 16 20 21 | 21.3
Invocations    | 5 8 11 13 15 17 18 20 21 22 26 27 | 27.0
Spellcasting   | 6 7 9 11 12 13 | 13.8
Translocations | 5 |  5.1
Conjurations   | 3 5 8 11 12 13 | 13.7
Air Magic      | 1 5 13 | 13.8

Action                     |  1- 3 |  4- 6 |  7- 9 | 10-12 | 13-15 | 16-18 | 19-21 | 22-24 | 25-27 || total
---------------------------+-------+-------+-------+-------+-------+-------+-------+-------+-------++-------
  Melee: War axe           |    86 |    73 |   257 |   799 |  1453 |  1631 |   232 |       |       ||  4531
         Demon trident     |       |       |       |       |    19 |       |       |       |       ||    19
         Broad axe         |       |       |       |       |    15 |    12 |  1424 |  1932 |  2806 ||  6189
  Throw: Dart              |       |     5 |     1 |     4 |     2 |     1 |       |       |       ||    13
         Throwing net      |       |       |       |       |       |       |     8 |     1 |     5 ||    14
   Cast: Lesser Beckoning  |       |       |       |       |       |     7 |    26 |     1 |    12 ||    46
         Passwall          |       |       |       |       |       |       |       |     1 |     3 ||     4
         Iskenderun's Myst |       |       |       |       |       |       |       |     1 |       ||     1
         Airstrike         |       |       |       |       |       |       |       |       |    17 ||    17
         Arcjolt           |       |       |       |       |       |       |       |       |     2 ||     2
         Apportation       |       |       |       |       |       |       |       |       |     1 ||     1
 Invoke: Upheaval          |       |       |     3 |    19 |    29 |    61 |    26 |    26 |    42 ||   206
         Elemental Force   |       |       |       |       |     5 |     6 |    10 |    15 |    11 ||    47
         Disaster Area     |       |       |       |       |     2 |       |       |     1 |     5 ||     8
  Evoke: Wand              |       |       |     3 |    12 |     7 |       |       |       |     6 ||    28
         Tin of tremorston |       |       |       |       |     3 |     2 |       |       |       ||     5
         Phial of floods   |       |       |       |       |       |       |       |       |     2 ||     2
         Phantom mirror    |       |       |       |       |       |       |       |       |     1 ||     1
    Use: Scroll            |     4 |    11 |     2 |     9 |    12 |    16 |    14 |    10 |    27 ||   105
         Potion            |       |     1 |     6 |     7 |     7 |    14 |    11 |     1 |    38 ||    85
   Stab: Invisible         |       |       |       |     3 |       |       |       |       |     1 ||     4
         Petrified         |       |       |       |       |    16 |       |       |       |       ||    16
         Paralysed         |       |       |       |       |     2 |     7 |     3 |    13 |    14 ||    39
         Petrifying        |       |       |       |       |     1 |       |       |       |       ||     1
         Distracted        |       |       |       |       |       |     2 |     2 |     6 |     7 ||    17
         Held in net/web   |       |       |       |       |       |       |     2 |       |     1 ||     3
 Armour: Robe              |    44 |       |       |       |       |       |       |       |       ||    44
         Plate armour      |       |    77 |   282 |   444 |     7 |       |       |       |       ||   810
         Skin              |       |       |     1 |     9 |       |       |       |       |       ||    10
         Ring mail         |       |       |       |       |   633 |   511 |   497 |   544 |   587 ||  2772
  Dodge: Dodged            |    60 |    16 |    41 |    54 |   264 |   449 |   541 |   809 |   913 ||  3147
         Repelled          |       |       |     1 |       |     9 |    24 |    39 |    24 |    50 ||   147
  Block: Kite shield       |       |       |   110 |   772 |  1438 |  1822 |  1653 |  1578 |       ||  7373
         Tower shield      |       |       |       |       |       |       |       |   809 |  3810 ||  4619

Table legend: (Time is in decaauts)
 A = Elapsed time spent in this place.
 B = Non-inter-level travel time spent in this place.
 C = Inter-level travel time spent in this place.
 D = Time resting spent in this place.
 E = Time spent auto-exploring this place.
 F = Levels seen in this place.
 G = Mean time per level.
                   A        B        C        D        E       F      G
               +--------+--------+--------+--------+--------+-----+--------+
         Total |  66016 |  56432 |   9584 |  10394 |  12307 |  73 |  904.3 |
       Dungeon |  16048 |  11742 |   4306 |    933 |   4011 |  15 | 1069.9 |
        Temple |     24 |     13 |     11 |      0 |      0 |   1 |   24.0 |
          Lair |   5005 |   4037 |    968 |      3 |   1233 |   5 | 1001.0 |
        Shoals |   4261 |   4176 |     85 |   1862 |     49 |   4 | 1065.2 |
     Snake Pit |   5016 |   4338 |    678 |    849 |     32 |   4 | 1254.0 |
    Slime Pits |   1893 |   1690 |    203 |    153 |    508 |   5 |  378.6 |
  Orcish Mines |   1428 |   1130 |    298 |      3 |    300 |   2 |  714.0 |
   Elven Halls |   4458 |   3966 |    492 |    887 |    709 |   3 | 1486.0 |
        Vaults |   7399 |   6333 |   1066 |    727 |   1235 |   5 | 1479.8 |
         Crypt |   3822 |   3545 |    277 |   1103 |    461 |   3 | 1274.0 |
        Depths |   6013 |   5214 |    799 |   1190 |   1353 |   4 | 1503.2 |
           Zot |   6875 |   6478 |    397 |   1871 |   2128 |   5 | 1375.0 |
         Abyss |    969 |    969 |      0 |     15 |      0 |   5 |  193.8 |
   Pandemonium |    505 |    505 |      0 |    191 |    113 |   1 |  505.0 |
      Ziggurat |    787 |    787 |      0 |    536 |      0 |   7 |  112.4 |
        Bailey |    221 |    221 |      0 |      0 |     15 |   1 |  221.0 |
      Ice Cave |    605 |    605 |      0 |      1 |      0 |   1 |  605.0 |
       Volcano |    270 |    270 |      0 |      0 |      0 |   1 |  270.0 |
      Gauntlet |    409 |    409 |      0 |     66 |    160 |   1 |  409.0 |
               +--------+--------+--------+--------+--------+-----+--------+

Top non-repeatable levels by time:
 Snake:4: 2564 daAuts
   Zot:5: 2112 daAuts
Shoals:4: 1994 daAuts
Depths:3: 1885 daAuts
   Elf:2: 1837 daAuts
Vaults:1: 1822 daAuts
Vaults:5: 1785 daAuts
Depths:2: 1747 daAuts
Vaults:2: 1681 daAuts
 Crypt:2: 1638 daAuts
    D:10: 1611 daAuts
Depths:1: 1564 daAuts
    D:12: 1545 daAuts
   Zot:3: 1514 daAuts
 Crypt:3: 1493 daAuts
